 Dungeon Crawl Stone Soup version 0.22-a0-352-gc608dd7 (webtiles) character file.

471 Amnesiac the Conjurer (level 6, -3/45 HPs)
             Began as a Demigod Conjurer on Apr 14, 2018.
             Slain by a worm (8 damage)
             ... on level 4 of the Dungeon.
             The game lasted 00:05:11 (3466 turns).

Amnesiac the Conjurer (Demigod Conjurer)            Turns: 3466, Time: 00:05:12

Health: -3/45      AC:  4    Str: 11    XL:     6   Next: 52%
Magic:  5/17       EV: 12    Int: 23    God:
Gold:   130        SH:  0    Dex: 19    Spells: 4/15 levels left

rFire    . . .     SeeInvis .   b - +1 dagger (venom)
rCold    . . .     Gourm    .   (no shield)
rNeg     . . .     Faith    .   i - +0 robe
rPois    .         Spirit   .   (no helmet)
rElec    .         Reflect  .   (no cloak)
rCorr    .         Harm     .   r - +1 pair of gloves {Dex+3}
MR       .....                  (no boots)
Stlth    +.........             (no amulet)
HPRegen  0.15/turn              (no ring)
MPRegen  0.15/turn              (no ring)

@: confused
A: high mp 1
a: no special abilities


You were on level 4 of the Dungeon.
You were hungry.

You visited 1 branch of the dungeon, and saw 4 of its levels.

You collected 130 gold pieces.

Inventory:

Hand Weapons
 a - a +0 hunting sling
 b - a +1 dagger of venom (weapon)
 g - a +0 dagger of pain
 k - a +2 dagger of protection
Missiles
 f - 92 stones (quivered)
 t - 14 poisoned needles
Armour
 i - a +0 robe (worn)
 r - a +1 pair of gloves of dexterity (worn)
Scrolls
 d - 4 scrolls of identify {!r, unknown}
 j - 3 scrolls of noise {!r, unknown}
 l - a scroll of fear {!r, unknown}
 o - a scroll of immolation {!r, unknown}
 s - a scroll of remove curse {!r, unknown}
Potions
 e - 4 potions of curing {!q}
 h - a potion of flight {!q, unknown}
 m - a potion of berserk rage {!q, unknown}
 n - 3 potions of agility {!q, unknown}
 p - a potion of heal wounds {!q, unknown}
 q - a potion of might {!q, unknown}
Comestibles
 c - 6 rations


   Skills:
 - Level 1.7 Dodging
 - Level 1.7 Stealth
 * Level 5.2 Spellcasting
 + Level 5.2 Conjurations


You had 4 spell levels left.
You knew the following spells:

 Your Spells              Type           Power        Failure   Level  Hunger
a - Iskenderun's Mystic   Conj           ####....     11%         4    ####...
b - Magic Dart            Conj           ####         1%          1    None
d - Force Lance           Conj/Tloc      ###.....     30%         4    ####...
e - Searing Ray           Conj           ####..       1%          2    None


Dungeon Overview and Level Annotations

Branches:
Dungeon (4/15)
 Temple: D:4-7


Innate Abilities, Weirdness & Mutations

You have an increased reservoir of magic. (+10% MP)


Message History

Press: ? - help, Shift-Dir - straight line, f/p - worm
Aim: a worm You shoot a stone.
Firing (i - inventory)
f - 93 stones (quivered)
Press: ? - help, Shift-Dir - straight line, f/p - worm
Aim: a worm You shoot a stone.
The stone hits the worm.
The worm is moderately wounded.
You are feeling hungry.
You hear some strange, mumbled words.
You are confused.
Something hits you.
You are too confused!
You are too confused!
You are too confused!
You are too confused!
Wield which item (- for none, * to show all)? (? for menu, Esc to quit)
Your +1 dagger of venom begins to drip with poison!
b - a +1 dagger of venom (weapon)
You bump into the rock wall.
Something hits you but does no damage.
You bump into the rock wall.
Something hits you.
You hear some strange, mumbled words.
You are more confused.
Something hits you.
You bump into the rock wall.
Something hits you.
You bump into the rock wall.
Something hits you.
You closely miss something. Something hits you.
You bump into the rock wall.
You hear some strange, mumbled words.
A magic dart appears from out of thin air!
The magic dart hits you!
* * * LOW HITPOINT WARNING * * *
You bump into the rock wall.
Something hits you but does no damage.
You miss something. Something barely misses you.
You bump into the rock wall.
You feel less confused. Something hits you.
* * * LOW HITPOINT WARNING * * *
You hit something.
You hear some strange, mumbled words.
You are confused.
You bump into the rock wall.
You hear some strange, mumbled words.
A magic dart appears from out of thin air!
The magic dart hits you!
* * * LOW HITPOINT WARNING * * *
You hit something but do no damage.
An orc wizard appears from thin air!
Reactivating autopickup.
The orc wizard hits you but does no damage.
You bump into the rock wall.
The orc wizard hits you with a dagger.
* * * LOW HITPOINT WARNING * * *
Really quaff
e - 5 bubbling dark potions {!q}?
It was a potion of curing {!q}.
You feel better.
The orc wizard gestures at you while chanting.
You are confused.
You hit the orc wizard but do no damage.
The orc wizard is poisoned.
The orc wizard is almost dead.
You kill the orc wizard!
You bump into the rock wall.
You bump into the rock wall.
The worm bites you!
* * * LOW HITPOINT WARNING * * *
You bump into the rock wall.
The worm bites you!
You die...

#.# #########..## ..#
#####...........# ###
#.......s.......####
####.###.#...w...))....
#######........#(#####.#.####
....<.........##.# .#
.#.####.#####.##(# .# ##.##
#.# #.##w# .#
#.#.###.#####.##@# .#
.###.......##. #.# .#
#.#.###.##)# #.# .# ##.##
#... .. ..# #.# ####.##.####
#.# .. . #.# ## #.# #.#


You could see a worm and a scorpion (wandering).

Vanquished Creatures
  A sky beast (D:4)
  A bullfrog (D:2)
  2 orc wizards
  Natasha (thrice) (D:2)
  2 worker ants
  A hound skeleton (D:4)
  4 adders (D:2)
  A worm (D:2)
  3 dart slugs
  2 leopard geckos
  13 orcs
  3 giant cockroaches
  11 goblins
  5 hobgoblins
  3 jackals (D:2)
  3 kobolds
  2 quokkas (D:3)
  A ball python (D:3)
  9 bats
  7 rats
77 creatures vanquished.

Notes
Turn   | Place    | Note
-------+----------+-------------------------------------------
     0 | D:1      | Amnesiac the Demigod Conjurer began the quest for the Orb.
     0 | D:1      | Reached XP level 1. HP: 14/14 MP: 5/5
   495 | D:1      | Reached XP level 2. HP: 20/20 MP: 5/7
   499 | D:1      | Learned a level 2 spell: Searing Ray
   921 | D:2      | Reached XP level 3. HP: 26/26 MP: 9/9
  1090 | D:2      | Noticed a bullfrog
  1097 | D:2      | Killed a bullfrog
  1097 | D:2      | Reached XP level 4. HP: 33/33 MP: 7/12
  1110 | D:2      | Noticed Natasha
  1117 | D:2      | Learned a level 4 spell: Iskenderun's Mystic Blast
  1132 | D:2      | Killed Natasha
  1561 | D:2      | Reached XP level 5. HP: 26/38 MP: 10/13
  1579 | D:2      | Noticed Natasha
  1739 | D:2      | Killed Natasha
  2040 | D:2      | Noticed Natasha
  2047 | D:2      | Killed Natasha
  2550 | D:3      | Learned a level 4 spell: Force Lance
  3193 | D:4      | Noticed a sky beast
  3203 | D:4      | Killed a sky beast
  3203 | D:4      | Reached skill level 5 in Conjurations
  3203 | D:4      | Reached XP level 6. HP: 27/45 MP: 7/16
  3344 | D:4      | Reached skill level 5 in Spellcasting
  3466 | D:4      | Slain by a worm

Vault maps used:
D:1:      onia_arrival_pyramid, hangedman_decor_slide_cut
D:2:      serial_bayou_ford_a, uniq_natasha
D:3:      first_ration
D:4:      grunt_temple_overflow_open, uniq_crazy_yiuf_cottage, uniq_edmund,
          uniq_blork_the_orc

Skill      XL: |  1  2  3  4  5  6 |
---------------+-------------------+-----
Spellcasting   | 2 3 4 5 |  5.2
Conjurations   | 4 5 |  5.2
Dodging        | |  1.7
Stealth        | |  1.7

Action                   |  1- 3 |  4- 6 || total
-------------------------+-------+-------++-------
Melee: Unarmed           |     3 |       ||     3
       Dagger            |       |     5 ||     5
 Fire: Hunting sling     |     7 |   153 ||   160
 Cast: Magic Dart        |    40 |     1 ||    41
       Searing Ray       |     4 |    17 ||    21
       Iskenderun's Myst |       |     1 ||     1
  Use: Potion            |       |     1 ||     1
  Eat: Chunk             |     1 |     7 ||     8
Armor: Robe              |     3 |    39 ||    42
Dodge: Dodged            |     7 |    64 ||    71

Table legend:
 A = Spawn XP
 B = Non-spawn XP
 C = Spawn XP percentage of total XP
 D = Spawn monster count
 E = Non-spawn monster count
 F = Spawn count percentage of total count
 G = Total turns spent on level
                    A         B        C        D         E        F      G
               +---------+---------+-------+---------+---------+-------+---------
         Total |       0 |     673 |   0.0 |       0 |      77 |   0.0 |  3466
               +---------+---------+-------+---------+---------+-------+---------
           D:1 |       0 |      30 |   0.0 |       0 |      16 |   0.0 |   843
           D:2 |       0 |     281 |   0.0 |       0 |      24 |   0.0 |  1515
           D:3 |       0 |     134 |   0.0 |       0 |      30 |   0.0 |   835
           D:4 |       0 |     228 |   0.0 |       0 |       7 |   0.0 |   273
               +---------+---------+-------+---------+---------+-------+---------
